 Dungeon Crawl Stone Soup version 0.20-a0-495-g2241292 (webtiles) character file.

114 nubinia the Gusty (level 4, 7/36 HPs)
             Began as a Deep Elf Air Elementalist on Jan 18, 2017.
             Quit the game on level 3 of the Dungeon.
             The game lasted 00:09:06 (2317 turns).

nubinia the Gusty (Deep Elf Air Elementalist)       Turns: 2317, Time: 00:09:07

Health: 7/36       AC: 22    Str:  3 (5)  XL:     4   Next: 67%
Magic:  2/12       EV:  2    Int: 19 (20) God:
Gold:   69         SH:  0    Dex: 20 (21) Spells: 3/11 levels left

rFire    . . .     SeeInvis .   e - +1 dagger
rCold    . . .     Gourm    .   (armour currently unavailable)
rNeg     + + +     Faith    .   (no shield)
rPois    +         Spirit   .   (helmet currently unavailable)
rElec    .         Reflect  .   (cloak currently unavailable)
rCorr    .         Harm     .   (gloves currently unavailable)
MR       .....     NoTele   +   (boots currently unavailable)
Stlth    ++++......             (no amulet)
Regen    0.2/turn               (no ring)
                                (no ring)

@: agile, lethally poisoned (7 -> -3), tree-form, very slightly contaminated,
invisible
A: no striking features
a: no special abilities


You were on level 3 of the Dungeon.
You were not hungry.
You were a tree.
You visited 1 branch of the dungeon, and saw 3 of its levels.

You collected 69 gold pieces.

Inventory:

Hand Weapons
 e - a +1 dagger (weapon)
 j - a +3 dagger
Armour
 a - a +0 robe (melded)
Scrolls
 g - a scroll of magic mapping
Books
 b - a book of Air

   Spells                             Type                      Level
   a - Shock                          Conjuration/Air              1
   b - Swiftness                      Charms/Air                   2
   c - Repel Missiles                 Charms/Air                   2
   d - Static Discharge               Conjuration/Air              3
   e - Lightning Bolt                 Conjuration/Air              5
Comestibles
 c - 2 bread rations
 k - a chunk of flesh


   Skills:
 + Level 2.6 Dodging
 + Level 3.2 Stealth
 + Level 4.0 Spellcasting
 + Level 2.3 Conjurations
 + Level 0.4 Charms
 + Level 4.2 Air Magic


You had 3 spell levels left.
You knew the following spells:

 Your Spells              Type           Power        Failure   Level  Hunger
a - Shock                 Conj/Air       ###.         4%          1    None
b - Swiftness             Chrm/Air       ##......     10%         2    ##.....
c - Static Discharge      Conj/Air       ###.....     12%         3    ###....
r - Repel Missiles        Chrm/Air       ##....       10%         2    ##.....


Dungeon Overview and Level Annotations

Branches:
Dungeon (3/15)

Altars:


Message History

It was a potion of agility.
You feel agile all of a sudden.
* * * LOW HITPOINT WARNING * * *
You feel sick.
It was a potion of invisibility.
You fade into invisibility!
* * * LOW HITPOINT WARNING * * *
You feel sick.
You are very lightly contaminated with residual magic.
It was a potion of degeneration.
There was something very wrong with that liquid.
You feel weakened.
You feel dopey.
You feel clumsy.
* * * LOW HITPOINT WARNING * * *
You feel sick.
It was a potion of lignification.
You turn into a tree.
Your +0 robe melds into your body.
Your roots penetrate the ground.
* * * LOW HITPOINT WARNING * * *
You feel sick.
There is a lethal amount of poison in your body!
Are you sure you want to abandon this character and quit the game? (Confirm with "yes".)

..
................
#######.#####..#
#.# ###.##
#....# #....#
#.(..# #....#
#..♣.# #....#
+...#.## ###.#.#
#+#.. ... ...
....


There were no monsters in sight!

Vanquished Creatures
  4 adders
  2 oozes
  3 dart slugs
  2 leopard geckos (D:2)
  An orc (D:3)
  8 bats
  6 giant cockroaches
  8 goblins
  9 hobgoblins
  4 jackals
  2 kobolds (D:2)
  3 frilled lizards (D:2)
  5 rats
57 creatures vanquished.

Notes
Turn   | Place    | Note
-------+----------+-------------------------------------------
     0 | D:1      | nubinia the Deep Elf Air Elementalist began the quest for the Orb.
     0 | D:1      | Reached XP level 1. HP: 10/10 MP: 6/6
    57 | D:1      | Reached XP level 2. HP: 15/15 MP: 4/8
    61 | D:1      | Learned a level 2 spell: Repel Missiles
   113 | D:1      | Learned a level 2 spell: Swiftness
   548 | D:1      | Reached XP level 3. HP: 14/19 MP: 3/9
  1280 | D:2      | Learned a level 3 spell: Static Discharge
  1489 | D:2      | Reached XP level 4. HP: 20/24 MP: 2/11
  2317 | D:3      | Quit the game

Vault maps used:
D:1:      lightli_arrival_boilingwater
D:2:      serial_forest, infiniplex_forest_pool, infiniplex_forest_lined_2,
          infiniplex_forest_corner_2, infiniplex_forest_zigzag_2,
          infiniplex_forest_clump_double, infiniplex_forest_lined_3_way,
          bh_walls_and_bars
D:3:      first_bread

Skill      XL: |  1  2  3  4 |
---------------+-------------+-----
Stealth        | 3 |  3.2
Conjurations   | 2 |  2.3
Air Magic      | 4 |  4.2
Spellcasting   | 4 |  4.0
Dodging        | |  2.6
Charms         | |  0.4

Action                   |  1- 3 |  4- 6 || total
-------------------------+-------+-------++-------
Melee: Dagger            |     7 |     1 ||     8
 Cast: Shock             |    80 |    38 ||   118
       Repel Missiles    |     1 |       ||     1
  Use: Scroll            |     4 |     1 ||     5
       Potion            |       |     4 ||     4
 Stab: Sleeping          |     2 |     1 ||     3
  Eat: Chunk             |     1 |     3 ||     4
Armor: Robe              |     2 |     1 ||     3
Dodge: Dodged            |     7 |    22 ||    29
       Deflected         |     2 |       ||     2
